[Event "1st Welsh Masters 2019"]
[Site "Bridgend"]
[Date "2019.08.26"]
[Round "1.1"]
[White "Van Zyl-Rudd, Jack"]
[Black "Turner, Matthew J"]
[Result "0-1"]
[ECO "D78"]
[WhiteElo "2290"]
[BlackElo "2519"]
[Annotator "ChessBase"]
[PlyCount "82"]
[EventDate "2019.08.26"]
[EventType "tourn"]
[EventCountry "WLS"]
[SourceTitle "playchess.com"]
[Source "ChessBase"]
[SourceQuality "1"]
[TimeControl "5400+30"]

1. d4 Nf6 2. c4 g6 3. g3 Bg7 4. Bg2 O-O 5. Nf3 d5 6. O-O c6 7. Nbd2 Bf5 8. b3 a5 9. Bb2 a4 10. Nh4 Be6 11. Qc2 Na6 12. bxa4 dxc4 13. a3 Nd5 14. Nxc4 Nb6 15. Nxb6 Qxb6 16. Rab1 Ba2 17. Rbc1 Bb3 18. a5 Bxc2 19. axb6 Ba4 20. Bc3 Rfd8 21. e3 e6 22. Nf3 Nb8 23. Ne5 Bb5 24. Rfd1 Rxa3 25. Bb4 Ra6 26. Be7 Re8 27. Bd6 Bxe5 28. dxe5 Nd7 29. Bf1 Bxf1 30. Kxf1 Rc8 31. f4 Nxb6 32. e4 Ra4 33. Bc5 Nc4 34. Rb1 Ra2 35. Rxb7 Nd2+ 36. Ke1 Nf3+ 37. Kf1 Nxh2+ 38. Ke1 Nf3+ 39. Kf1 Nd2+ 40. Kg1 Nxe4 41. Rc7 Raa8 0-1

[Event "1st Welsh Masters 2019"]
[Site "Bridgend"]
[Date "2019.08.26"]
[Round "1.2"]
[White "Taylor, Adam C"]
[Black "James, Dai"]
[Result "1-0"]
[ECO "A87"]
[WhiteElo "2402"]
[BlackElo "1858"]
[Annotator "ChessBase"]
[PlyCount "49"]
[EventDate "2019.08.26"]
[EventType "tourn"]
[EventCountry "WLS"]
[SourceTitle "playchess.com"]
[Source "ChessBase"]
[SourceQuality "1"]
[TimeControl "5400+30"]

1. Nf3 f5 2. g3 Nf6 3. Bg2 g6 4. d4 Bg7 5. b3 O-O 6. Bb2 c6 7. O-O Qc7 8. c4 d6 9. Nbd2 Nbd7 10. Ng5 Nb6 11. Qc2 h6 12. Ngf3 Bd7 13. Nh4 Kh7 14. e4 e6 15. c5 Nc8 16. cxd6 Qd8 17. e5 Nd5 18. Nc4 Be8 19. Ne3 g5 20. Bxd5 cxd5 21. Nhg2 Bg6 22. f4 Nb6 23. Rac1 Rc8 24. Qd2 Qd7 25. Qa5 1-0

[Event "1st Welsh Masters 2019"]
[Site "Bridgend"]
[Date "2019.08.26"]
[Round "1.3"]
[White "Waddington, Mike P"]
[Black "Toczek, Grzegorz"]
[Result "1/2-1/2"]
[ECO "A48"]
[WhiteElo "2023"]
[BlackElo "2246"]
[Annotator "ChessBase"]
[PlyCount "84"]
[EventDate "2019.08.26"]
[EventType "tourn"]
[EventCountry "WLS"]
[SourceTitle "playchess.com"]
[Source "ChessBase"]
[SourceQuality "1"]
[TimeControl "5400+30"]

1. d4 Nf6 2. Nf3 g6 3. Bg5 Bg7 4. e3 c5 5. c3 O-O 6. Bd3 d6 7. O-O Nc6 8. Nbd2 Qc7 9. Rc1 Re8 10. h3 Nd7 11. Re1 Qb8 12. Ne4 b6 13. Qa4 Qb7 14. Bh4 d5 15. Ng3 c4 16. Bb1 f5 17. Ne2 Nf6 18. Bg3 Bd7 19. Qd1 Ne4 20. Bf4 Rad8 21. Ng3 Be6 22. Ne2 Bf7 23. Ne5 Nxe5 24. dxe5 Nc5 25. Nd4 a6 26. g4 e6 27. Bh2 Nd7 28. f4 Nc5 29. Re2 Bf8 30. Rg2 Kh8 31. Bg3 Be7 32. Qe1 Rc8 33. Bh4 Bxh4 34. Qxh4 Qe7 35. Qh6 Rg8 36. Kh2 Qf8 37. Qh4 Qd8 38. Qh6 Qf8 39. Qh4 Qd8 40. Qf2 b5 41. Rcg1 Qe7 42. gxf5 exf5 1/2-1/2

[Event "1st Welsh Masters 2019"]
[Site "Bridgend"]
[Date "2019.08.26"]
[Round "1.4"]
[White "Varley, Peter"]
[Black "Willow, Jonah B"]
[Result "0-1"]
[ECO "D21"]
[WhiteElo "2171"]
[BlackElo "2326"]
[Annotator "ChessBase"]
[PlyCount "80"]
[EventDate "2019.08.26"]
[EventType "tourn"]
[EventCountry "WLS"]
[SourceTitle "playchess.com"]
[Source "ChessBase"]
[SourceQuality "1"]
[TimeControl "5400+30"]

1. d4 d5 2. c4 dxc4 3. Nf3 a6 4. a4 Nf6 5. Qc2 Nc6 6. Qxc4 Be6 7. Qd3 Bg4 8. e3 e6 9. Bd2 Qd5 10. Nc3 Qh5 11. Be2 Rd8 12. Qc4 Bd6 13. h3 Na5 14. Qa2 Bb4 15. Rg1 Bxf3 16. Bxf3 Qg6 17. Rd1 O-O 18. Qb1 c5 19. Qxg6 hxg6 20. dxc5 Nb3 21. Bxb7 Nxc5 22. Bf3 Nd3+ 23. Ke2 Nxb2 24. Rb1 Nd3 25. Rgd1 a5 26. Ne4 Nxe4 27. Bxb4 Nxb4 28. Bxe4 Na2 29. Rb3 Rc8 30. Kf3 Rc4 31. Ra3 Nc3 32. Rd4 Rfc8 33. Bb7 R8c7 34. Rxc4 Rxc4 35. Ba6 Rc5 36. e4 f5 37. Bd3 Nd1 38. exf5 gxf5 39. Bb5 Nc3 40. Rb3 Ne4 0-1

[Event "1st Welsh Masters 2019"]
[Site "Bridgend"]
[Date "2019.08.26"]
[Round "1.5"]
[White "Arkell, Keith C"]
[Black "Kett, Tim"]
[Result "1-0"]
[ECO "E60"]
[WhiteElo "2445"]
[BlackElo "2245"]
[Annotator "ChessBase"]
[PlyCount "139"]
[EventDate "2019.08.26"]
[EventType "tourn"]
[EventCountry "WLS"]
[SourceTitle "playchess.com"]
[Source "ChessBase"]
[SourceQuality "1"]
[TimeControl "5400+30"]

1. d4 Nf6 2. Nf3 g6 3. c4 Bg7 4. g3 O-O 5. Bg2 d6 6. O-O Nbd7 7. d5 e5 8. dxe6 fxe6 9. Nc3 Nc5 10. Be3 Nce4 11. Nxe4 Nxe4 12. Qc2 Nf6 13. Rfd1 Ng4 14. Bg5 Bf6 15. Bxf6 Qxf6 16. h3 Ne5 17. Rd2 Nxf3+ 18. exf3 e5 19. c5 dxc5 20. Qxc5 c6 21. Re2 b6 22. Qxe5 Ba6 23. Qxf6 Rxf6 24. Re7 Rf7 25. Rae1 Bc4 26. b3 Bd5 27. f4 Bxg2 28. Kxg2 Rd8 29. Re8+ Rxe8 30. Rxe8+ Kg7 31. b4 Rc7 32. Kf3 Kf7 33. Re5 Rd7 34. f5 Kf6 35. Ke4 Rd2 36. Re6+ Kf7 37. Rxc6 gxf5+ 38. Ke5 Re2+ 39. Kxf5 Rxf2+ 40. Kg5 Rxa2 41. Rc7+ Kg8 42. Kh6 Rg2 43. Rg7+ Kf8 44. b5 Rb2 45. Rg5 a5 46. bxa6 Ra2 47. Kxh7 Rxa6 48. g4 Ra7+ 49. Kg6 Rg7+ 50. Kh6 Rb7 51. Rb5 Kg8 52. h4 Rh7+ 53. Kg5 Rg7+ 54. Kf4 Rf7+ 55. Rf5 Rb7 56. Rg5+ Kf7 57. Rb5 Kg6 58. h5+ Kh6 59. Kg3 Rb8 60. Kh4 Rb7 61. g5+ Kg7 62. Kg4 Rb8 63. Kf4 Rf8+ 64. Rf5 Rb8 65. h6+ Kg6 66. Rf6+ Kh7 67. Rf7+ Kg8 68. g6 b5 69. h7+ Kh8 70. Kg5 1-0

[Event "1st Welsh Masters 2019"]
[Site "Bridgend"]
[Date "2019.08.26"]
[Round "2.2"]
[White "Willow, Jonah B"]
[Black "Arkell, Keith C"]
[Result "1/2-1/2"]
[ECO "B01"]
[WhiteElo "2326"]
[BlackElo "2445"]
[Annotator "NA"]
[PlyCount "46"]
[EventDate "2019.08.26"]
[EventType "tourn"]
[EventCountry "WLS"]
[SourceTitle "playchess.com"]
[Source "ChessBase"]
[SourceQuality "1"]
[TimeControl "5400+30"]

1. e4 d5 2. exd5 Qxd5 3. Nc3 Qd8 4. d4 Nf6 5. Nf3 Bg4 6. Be2 e6 7. O-O c6 8. Re1 Nbd7 9. h3 Bxf3 10. Bxf3 Be7 11. Ne2 O-O 12. c4 e5 13. Ng3 exd4 14. Qxd4 Bc5 15. Qh4 Qb6 16. Nf5 Rfe8 17. Rf1 Re6 18. Qg3 g6 19. b3 Kh8 20. Nh6 Rf8 21. Bb2 Bd4 22. Bxd4 Qxd4 23. Ng4 Qd6 1/2-1/2

[Event "1st Welsh Masters 2019"]
[Site "Bridgend"]
[Date "2019.08.26"]
[Round "2.3"]
[White "Toczek, Grzegorz"]
[Black "Varley, Peter"]
[Result "1-0"]
[ECO "C47"]
[WhiteElo "2246"]
[BlackElo "2171"]
[Annotator "NA"]
[PlyCount "107"]
[EventDate "2019.08.26"]
[EventType "tourn"]
[EventCountry "WLS"]
[SourceTitle "playchess.com"]
[Source "ChessBase"]
[SourceQuality "1"]
[TimeControl "5400+30"]

1. e4 e5 2. Nf3 Nc6 3. Nc3 Nf6 4. d4 exd4 5. Nxd4 Bb4 6. Nxc6 bxc6 7. Bd3 d5 8. exd5 cxd5 9. O-O O-O 10. h3 h6 11. Qf3 Bd6 12. Nb5 Be5 13. Bf4 Bxf4 14. Qxf4 a6 15. Nd4 Bb7 16. b4 Ne4 17. Rfe1 Re8 18. Nb3 Rb8 19. a3 Re6 20. f3 Rf6 21. Qe3 Ng5 22. Nc5 Bc6 23. Qe7 Qc8 24. Bxa6 Nxf3+ 25. Kh1 Qf5 26. Qxc7 Rf8 27. Rf1 d4 28. Bb7 Qg6 29. Bxc6 Rxc6 30. Qf4 Ng5 31. Qxd4 Rd6 32. Qf2 Rfd8 33. Rae1 Rd2 34. Re2 Qxc2 35. Rxd2 Rxd2 36. Qg3 Qc4 37. Re1 Qd5 38. h4 Ne6 39. Ne4 Rd3 40. Nf6+ Kf8 41. Nxd5 Rxg3 42. Ne3 Nf4 43. Kh2 Rg6 44. g3 Nd3 45. Rd1 Ne5 46. b5 Re6 47. Nf5 Re8 48. a4 g6 49. Nd4 Ra8 50. Ra1 Nc4 51. Nc6 Ke8 52. a5 Kd7 53. Rc1 Nd6 54. b6 1-0

[Event "1st Welsh Masters 2019"]
[Site "Bridgend"]
[Date "2019.08.26"]
[Round "2.4"]
[White "James, Dai"]
[Black "Waddington, Mike P"]
[Result "0-1"]
[ECO "B25"]
[WhiteElo "1858"]
[BlackElo "2023"]
[Annotator "NA"]
[PlyCount "84"]
[EventDate "2019.08.26"]
[EventType "tourn"]
[EventCountry "WLS"]
[SourceTitle "playchess.com"]
[Source "ChessBase"]
[SourceQuality "1"]
[TimeControl "5400+30"]

1. e4 c5 2. Nc3 Nc6 3. Nge2 d6 4. g3 g6 5. Bg2 Bg7 6. O-O e6 7. f4 Nge7 8. d3 O-O 9. g4 f5 10. h3 Rb8 11. a4 a6 12. Ng3 Nd4 13. Nce2 b6 14. c3 Ndc6 15. Be3 d5 16. Bd2 Bb7 17. Qc2 Qd7 18. b3 Rbd8 19. e5 d4 20. c4 h6 21. Rae1 Qc7 22. gxf5 Nxf5 23. Nxf5 exf5 24. Ng3 Kh7 25. Qd1 Qe7 26. Re2 Rb8 27. Qe1 Nd8 28. b4 Ne6 29. Qb1 Rfc8 30. Kh2 Bf8 31. b5 axb5 32. cxb5 Ra8 33. Qb3 c4 34. dxc4 Nc5 35. Qb2 d3 36. Re3 Bxg2 37. Kxg2 Rxa4 38. Ra1 Qb7+ 39. Kg1 Rxc4 40. Rc1 Na4 41. Qb1 Rxc1+ 42. Bxc1 Rc2 0-1

[Event "1st Welsh Masters 2019"]
[Site "Bridgend"]
[Date "2019.08.26"]
[Round "2.5"]
[White "Van Zyl-Rudd, Jack"]
[Black "Taylor, Adam C"]
[Result "1-0"]
[ECO "C67"]
[WhiteElo "2290"]
[BlackElo "2402"]
[Annotator "NA"]
[PlyCount "87"]
[EventDate "2019.08.26"]
[EventType "tourn"]
[EventCountry "WLS"]
[SourceTitle "playchess.com"]
[Source "ChessBase"]
[SourceQuality "1"]
[TimeControl "5400+30"]

1. e4 e5 2. Nf3 Nc6 3. Bb5 Nf6 4. O-O Nxe4 5. d4 Nd6 6. Bxc6 dxc6 7. dxe5 Nf5 8. Qxd8+ Kxd8 9. Nc3 Be6 10. Rd1+ Ke8 11. Ng5 Bc4 12. b3 Ba6 13. e6 fxe6 14. Nxe6 Bd6 15. Ne4 Be5 16. Rb1 Kf7 17. N6c5 Rad8 18. Bg5 Rxd1+ 19. Rxd1 Nd6 20. Nxd6+ Bxd6 21. Nxa6 bxa6 22. Be3 c5 23. g3 Rb8 24. Rd5 a5 25. a4 c4 26. bxc4 Rb4 27. Rxa5 Rxc4 28. Rxa7 Rxc2 29. a5 Rc6 30. a6 Bc5 31. Bxc5 Rxc5 32. Rb7 Kg6 33. a7 Ra5 34. Rxc7 h5 35. h4 Ra2 36. Kf1 Kf6 37. Ke1 g5 38. hxg5+ Kxg5 39. Kd1 Kg4 40. Rf7 Kh3 41. Kc1 Kg2 42. Kb1 Rxa7 43. Rxa7 Kxf2 44. Rg7 1-0

[Event "1st Welsh Masters 2019"]
[Site "Bridgend"]
[Date "2019.08.27"]
[Round "3.1"]
[White "Taylor, Adam C"]
[Black "Turner, Matthew J"]
[Result "1/2-1/2"]
[ECO "A38"]
[WhiteElo "2402"]
[BlackElo "2519"]
[Annotator "ChessBase"]
[PlyCount "34"]
[EventDate "2019.08.26"]
[EventType "tourn"]
[EventCountry "WLS"]
[SourceTitle "playchess.com"]
[Source "ChessBase"]
[SourceQuality "1"]
[TimeControl "5400+30"]

1. Nf3 Nf6 2. c4 c5 3. g3 g6 4. Bg2 Bg7 5. Nc3 Nc6 6. O-O d6 7. e3 O-O 8. Qe2 Bf5 9. h3 Rb8 10. d4 Ne4 11. Nd5 Bd7 12. Rd1 Qc8 13. Kh2 Re8 14. Ne1 Nf6 15. Nxf6+ Bxf6 16. dxc5 dxc5 17. Nd3 Ne5 1/2-1/2

[Event "1st Welsh Masters 2019"]
[Site "Bridgend"]
[Date "2019.08.27"]
[Round "3.3"]
[White "Varley, Peter"]
[Black "James, Dai"]
[Result "1-0"]
[ECO "A67"]
[WhiteElo "2171"]
[BlackElo "1858"]
[Annotator "NA"]
[PlyCount "66"]
[EventDate "2019.08.26"]
[EventType "tourn"]
[EventCountry "WLS"]
[SourceTitle "playchess.com"]
[Source "ChessBase"]
[SourceQuality "1"]
[TimeControl "5400+30"]

1. d4 Nf6 2. c4 c5 3. d5 e6 4. Nc3 exd5 5. cxd5 d6 {[%emt 0:00:08] Decoy} 6. e4 $14 g6 7. f4 Bg7 8. Bb5+ Nfd7 9. a4 O-O 10. Nf3 Na6 11. O-O Nc7 12. Bc4 b6 13. Qd3 Bb7 14. Bd2 a6 15. Rae1 b5 16. axb5 axb5 17. Nxb5 Nb6 18. Nxc7 Qxc7 19. b3 Rfe8 20. Bc3 Nxc4 21. Bxg7 Kxg7 22. bxc4 f6 23. e5 fxe5 24. fxe5 dxe5 25. Ng5 Kg8 26. Rf7 Re7 27. Ref1 Rxf7 28. Rxf7 Qd8 29. Rg7+ Kh8 30. Rxh7+ Kg8 31. Qxg6+ Kf8 32. Qd3 Kg8 33. Rf7 Qc7 1-0

[Event "1st Welsh Masters 2019"]
[Site "Bridgend"]
[Date "2019.08.27"]
[Round "3.4"]
[White "Arkell, Keith C"]
[Black "Toczek, Grzegorz"]
[Result "1-0"]
[ECO "A37"]
[WhiteElo "2445"]
[BlackElo "2246"]
[Annotator "NA RC"]
[PlyCount "135"]
[EventDate "2019.08.26"]
[EventType "tourn"]
[EventCountry "WLS"]
[SourceTitle "playchess.com"]
[Source "ChessBase"]
[SourceQuality "1"]
[TimeControl "5400+30"]

1. Nf3 c5 2. c4 g6 3. Nc3 Bg7 4. g3 Nc6 5. Bg2 Nh6 6. a3 O-O 7. Rb1 a5 8. O-O Nf5 9. d3 d6 10. Bd2 {[%emt 0:00:33] A37: Symmetrical English vs ...g6: 4 Bg2 Bg7 5 Nf3} e6 (10... Bd7 11. Ne1 Nfd4 12. e3 Ne6 13. Nc2 a4 14. Nd5 Na5 15. Bc3 b5 16. Bxg7 Kxg7 17. cxb5 Bxb5 18. f4 Ra6 {1-0 (39) Wang,Y (2734)-Shanava,K (2560) Nakhchivan 2011}) 11. Ne1 Nfe7 12. Nb5 $146 ({Predecessor:} 12. Nc2 d5 13. cxd5 exd5 14. b4 cxb4 15. axb4 axb4 16. Nxb4 Nxb4 17. Rxb4 {0-1 (33) Macko,M (2181)-Nagy,G (2472) Slovakia 2018}) 12... Qd7 13. Bc3 Rd8 14. Bxg7 Kxg7 15. Nf3 b6 16. d4 Ba6 17. a4 Nb4 18. Qd2 Rac8 19. Rfd1 Bxb5 20. axb5 Qc7 21. b3 Kg8 22. e4 cxd4 23. Qh6 f6 24. Nxd4 Qd7 25. Bh3 f5 26. Nf3 Kh8 27. Rd3 d5 28. Rxd5 Ng8 29. Rxd7 Nxh6 30. Rb7 Rb8 31. Rxb8 Rxb8 32. Rd1 Nf7 33. Rd7 Kg8 34. exf5 exf5 35. g4 fxg4 36. Bxg4 Rd8 37. Rb7 Rd6 38. Bd7 Nd8 39. Rc7 Nd3 40. Bc6 Nf4 41. h4 Nfe6 42. Rc8 Kg7 43. Ng5 Nc5 44. Bd5 h6 {[%emt 0:00:00] [#]} 45. Ne4 (45. Rxc5 $1 $18 {is the precise move to win.} bxc5 46. Ne4 {[%mdl 64] Double Attack}) 45... Nxe4 46. Bxe4 Kf6 (46... Ne6 $16 {was worth a try.}) 47. c5 bxc5 48. b6 $1 ({Don't take} 48. Rxc5 $6 Ne6 $14) 48... Rxb6 49. Rxd8 Rxb3 50. Ra8 Rb4 51. f3 a4 52. Kf2 Ke5 53. Bxg6 Rxh4 54. Be4 Kd4 55. Rxa4+ c4 56. Bh7 Rf4 $18 57. Ra6 Rh4 58. Rd6+ Kc3 59. Rd1 Rd4 60. Rh1 Rd6 61. Ke3 Kb2 62. Rb1+ Ka2 63. Rb7 c3 64. Bb1+ Ka1 65. Be4 h5 66. Rh7 Rc6 67. Ra7+ Kb2 68. Rb7+ 1-0

[Event "1st Welsh Masters 2019"]
[Site "Bridgend"]
[Date "2019.08.27"]
[Round "4.1"]
[White "Turner, Matthew J"]
[Black "Willow, Jonah B"]
[Result "1-0"]
[ECO "A46"]
[WhiteElo "2519"]
[BlackElo "2326"]
[Annotator "ChessBase"]
[PlyCount "55"]
[EventDate "2019.08.26"]
[EventType "tourn"]
[EventCountry "WLS"]
[SourceTitle "playchess.com"]
[Source "ChessBase"]
[SourceQuality "1"]
[TimeControl "5400+30"]

1. d4 Nf6 2. Nf3 e6 3. Bg5 h6 4. Bh4 b6 5. Nbd2 Bb7 6. e3 Be7 7. c3 c5 8. a4 cxd4 9. exd4 d6 10. Bb5+ Nbd7 11. Bxf6 Bxf6 12. a5 a6 13. Bd3 b5 14. O-O Bxf3 15. Qxf3 d5 16. Qh3 Qc7 17. f4 b4 18. Rac1 bxc3 19. bxc3 Rb8 20. Rc2 Qxa5 21. Nf3 Qb6 22. Kh1 Qd6 23. g4 g6 24. f5 exf5 25. gxf5 g5 26. Re2+ Kf8 27. Ne5 Re8 28. Nxf7 1-0

[Event "1st Welsh Masters 2019"]
[Site "Bridgend"]
[Date "2019.08.27"]
[Round "4.2"]
[White "Toczek, Grzegorz"]
[Black "Kett, Tim"]
[Result "1-0"]
[ECO "C41"]
[WhiteElo "2246"]
[BlackElo "2245"]
[Annotator "NA"]
[PlyCount "53"]
[EventDate "2019.08.26"]
[EventType "tourn"]
[EventCountry "WLS"]
[SourceTitle "playchess.com"]
[Source "ChessBase"]
[SourceQuality "1"]
[TimeControl "5400+30"]

1. e4 d6 2. d4 Nf6 3. Nc3 e5 4. Nf3 Nbd7 5. g4 g6 6. g5 Nh5 7. Be3 Bg7 8. Qd2 O-O 9. Be2 c6 10. O-O-O Qa5 11. Kb1 b5 12. a3 Rb8 13. dxe5 dxe5 14. Nd5 Qd8 15. Nb4 Qc7 16. Qd6 Rb7 17. Nxc6 Nf4 18. Qxc7 Rxc7 19. Bxb5 Rxc6 20. Bxc6 Nb8 21. Bxf4 exf4 22. Bd5 Bg4 23. Rd3 Nd7 24. h3 Bh5 25. b4 a5 26. Re1 axb4 27. axb4 1-0

[Event "1st Welsh Masters 2019"]
[Site "Bridgend"]
[Date "2019.08.27"]
[Round "4.3"]
[White "James, Dai"]
[Black "Arkell, Keith C"]
[Result "0-1"]
[ECO "B10"]
[WhiteElo "1858"]
[BlackElo "2445"]
[Annotator "NA"]
[PlyCount "70"]
[EventDate "2019.08.26"]
[EventType "tourn"]
[EventCountry "WLS"]
[SourceTitle "playchess.com"]
[Source "ChessBase"]
[SourceQuality "1"]
[TimeControl "5400+30"]

1. e4 c6 2. d3 d5 3. Nd2 Qc7 4. g3 Nf6 5. Bg2 e5 6. Ngf3 Bg4 7. h3 Bxf3 8. Qxf3 Nbd7 9. O-O Be7 10. Re1 O-O 11. c3 Rad8 12. Nf1 dxe4 13. dxe4 Nc5 14. Qe2 Nd3 15. Rd1 Nxc1 16. Raxc1 Bc5 17. Nd2 a5 18. a4 h5 19. Nf3 g6 20. Ne1 h4 21. Kh2 hxg3+ 22. fxg3 Kg7 23. Rxd8 Rxd8 24. Rd1 Rh8 25. Nd3 Ba7 26. Rf1 Qd6 27. g4 Nh7 28. Rd1 Qe7 29. Qf3 Qg5 30. Rf1 Nf6 31. Kh1 b5 32. Nf2 Rd8 33. Nd3 Rd6 34. Kh2 Be3 35. Kh1 Rxd3 0-1

[Event "1st Welsh Masters 2019"]
[Site "Bridgend"]
[Date "2019.08.27"]
[Round "4.5"]
[White "Taylor, Adam C"]
[Black "Waddington, Mike P"]
[Result "1-0"]
[ECO "E61"]
[WhiteElo "2402"]
[BlackElo "2023"]
[Annotator "NA"]
[PlyCount "69"]
[EventDate "2019.08.26"]
[EventType "tourn"]
[EventCountry "WLS"]
[SourceTitle "playchess.com"]
[Source "ChessBase"]
[SourceQuality "1"]
[TimeControl "5400+30"]

1. Nf3 Nf6 2. c4 g6 3. b3 Bg7 4. Bb2 O-O 5. g3 d6 6. d4 Nc6 7. Bg2 e5 8. O-O exd4 9. Nxd4 Bd7 10. Nc3 Re8 11. e3 Nxd4 12. exd4 Bc6 13. d5 Bd7 14. Qd2 Bf5 15. f3 h5 16. Rae1 Qd7 17. Ne4 Nxe4 18. fxe4 Bxb2 19. exf5 Bg7 20. fxg6 fxg6 21. Re6 Rf8 22. Rfe1 Rae8 23. Bh3 Qd8 24. Rxg6 Rxe1+ 25. Qxe1 Qe8 26. Be6+ Kh8 27. Qe4 Rf6 28. Rg5 Rh6 29. h4 b6 30. Qf5 a5 31. a4 c6 32. Kh1 cxd5 33. cxd5 b5 34. axb5 Qxb5 35. Rxg7 1-0

[Event "1st Welsh Masters 2019"]
[Site "Bridgend"]
[Date "2019.08.28"]
[Round "5.2"]
[White "Varley, Peter"]
[Black "Taylor, Adam C"]
[Result "0-1"]
[ECO "A58"]
[WhiteElo "2171"]
[BlackElo "2402"]
[Annotator "NA"]
[PlyCount "62"]
[EventDate "2019.08.26"]
[EventType "tourn"]
[EventCountry "WLS"]
[SourceTitle "playchess.com"]
[Source "ChessBase"]
[SourceQuality "1"]
[TimeControl "5400+30"]

1. d4 Nf6 2. c4 c5 3. d5 b5 4. cxb5 a6 5. bxa6 g6 6. Nc3 {[%emt 0:00:00] A58: Benko/Volga Gambit: Lines with 5 bxa6} Bg7 7. g3 (7. e4 O-O 8. e5 Ne8 9. h4 Bxe5 10. Bh6 Bxa6 11. h5 Ng7 12. Nf3 Bxc3+ 13. bxc3 Bxf1 14. Kxf1 {1-0 (22) So,W (2780)-Duda,J (2737) chess.com INT 2018}) 7... Qa5 8. Bd2 O-O 9. Bg2 d6 10. Nf3 Qb6 11. b3 Nxa6 12. O-O Nb4 13. Ng5 $146 ({Predecessor:} 13. Nh4 Bb7 14. e4 Ba6 15. Re1 Nd7 16. Na4 {0-1 (44) Drasko,M (2555)-Martinovic,S (2495) Niksic 1997}) 13... Bb7 14. e4 Ba6 15. Re1 Nd7 16. Na4 Qb7 17. Bc3 Ne5 18. Bf1 h6 19. Nh3 f5 20. Bxa6 Qxa6 21. exf5 Qa7 $2 (21... Qd3 $16 {might work better.}) 22. f4 $2 (22. Nf4 $18) 22... Ned3 {[%emt 0:00:09] [#]} (22... c4+ $1 $14 23. Kh1 cxb3) 23. Bxg7 ({Not} 23. fxg6 c4+ 24. Kh1 Bxc3 $17) (23. Qg4 $1 $16 c4+ 24. Kf1 Rxf5 25. Qxg6) 23... Kxg7 24. Re6 Rxf5 25. Qg4 Rf6 26. Nc3 $2 ({White should try} 26. Re4 $1 $15) 26... c4+ $19 27. Kg2 Nc2 28. Qe2 Rxe6 29. Qxc2 Ne1+ 30. Rxe1 Rxe1 31. Ne4 Qxa2 0-1

[Event "1st Welsh Masters 2019"]
[Site "Bridgend"]
[Date "2019.08.28"]
[Round "5.4"]
[White "Kett, Tim"]
[Black "James, Dai"]
[Result "1-0"]
[ECO "D55"]
[WhiteElo "2245"]
[BlackElo "1858"]
[Annotator "NA"]
[PlyCount "55"]
[EventDate "2019.08.26"]
[EventType "tourn"]
[EventCountry "WLS"]
[SourceTitle "playchess.com"]
[Source "ChessBase"]
[SourceQuality "1"]
[TimeControl "5400+30"]

1. d4 e6 2. Nf3 Nf6 3. Bg5 c5 4. e3 d5 5. Bd3 Be7 6. O-O O-O 7. c4 Nbd7 8. Nc3 b6 9. cxd5 exd5 10. Rc1 Bb7 11. dxc5 bxc5 12. Qe2 Ne4 {[%emt 0:10:09] D55: Queen's Gambit Declined: 4 Bg5 Be7: Lines without ...h6 and 6...h6 7 Bxf6} 13. Bxe7 Qxe7 14. Ba6 Ne5 $146 ({Predecessor:} 14... Ndf6 15. Bxb7 Qxb7 16. Na4 Qb4 17. Qc2 Rfc8 18. a3 Qb7 19. Rfd1 Rab8 20. Nd2 Nxd2 21. Qxd2 c4 22. Qc2 h6 {0-1 (59) Radosevic,N (2240)-Ostojic,N (2445) Belgrade 1993}) 15. Bxb7 Nxf3+ 16. gxf3 Nxc3 17. Rxc3 Qxb7 18. Rxc5 Rad8 19. Rd1 Rfe8 20. Qb5 Qa8 21. Rcxd5 h6 22. b4 Qc8 23. Rxd8 Rxd8 24. Rxd8+ Qxd8 $18 25. a4 g5 26. Qc6 g4 27. Kg2 Qh4 28. Qc8+ 1-0

[Event "1st Welsh Masters 2019"]
[Site "Bridgend"]
[Date "2019.08.28"]
[Round "5.5"]
[White "Willow, Jonah B"]
[Black "Toczek, Grzegorz"]
[Result "1-0"]
[ECO "A00"]
[WhiteElo "2326"]
[BlackElo "2246"]
[Annotator "ChessBase"]
[PlyCount "65"]
[EventDate "2019.08.26"]
[EventType "tourn"]
[EventCountry "WLS"]
[SourceTitle "playchess.com"]
[Source "ChessBase"]
[SourceQuality "1"]
[TimeControl "5400+30"]

1. e4 d5 2. Nc3 d4 3. Nce2 e5 4. Ng3 Be6 5. c3 c5 6. Bb5+ Nc6 7. Nf3 Bd6 8. Qe2 f6 9. O-O Nge7 10. Bc4 Qd7 11. Nh4 g6 12. Bxe6 Qxe6 13. d3 O-O 14. Bd2 Rf7 15. c4 Nc8 16. a3 a5 17. Rae1 Bf8 18. Nh1 Ra6 19. g3 Rb6 20. Bc1 f5 21. exf5 gxf5 22. f4 e4 23. dxe4 Qxe4 24. Qh5 Qd3 25. Qg5+ Kh8 26. Re8 N6e7 27. Nf3 Re6 28. Ne5 Rxe5 29. fxe5 Qxc4 30. Qh6 Kg8 31. e6 Rg7 32. Qf6 Ng6 33. Rxc8 1-0

[Event "1st Welsh Masters 2019"]
[Site "Bridgend"]
[Date "2019.08.28"]
[Round "6.3"]
[White "Rudd, Jack"]
[Black "Kett, Tim"]
[Result "1-0"]
[ECO "E74"]
[WhiteElo "2281"]
[BlackElo "2245"]
[Annotator "NA"]
[PlyCount "170"]
[EventDate "2019.08.26"]
[EventType "tourn"]
[EventCountry "WLS"]
[SourceTitle "playchess.com"]
[Source "ChessBase"]
[SourceQuality "1"]
[TimeControl "5400+30"]

1. d4 Nf6 2. c4 g6 3. Nc3 Bg7 4. e4 d6 5. Be2 O-O 6. Bg5 c5 7. d5 h6 8. Bh4 a6 9. a4 Qa5 10. Qd2 e6 11. Nf3 exd5 12. exd5 Bg4 13. O-O Nbd7 14. Bg3 Rfe8 15. Rfe1 Qc7 16. h3 Bxf3 17. Bxf3 Rxe1+ 18. Rxe1 Re8 19. Rxe8+ Nxe8 20. Qe3 Nef6 21. Bf4 Qb6 22. Nd1 Qb4 23. b3 Bf8 24. Kh2 b5 25. axb5 axb5 26. Qd3 bxc4 27. bxc4 Qe1 28. Be2 Qa5 29. Nc3 Qd8 30. Nb5 Ne8 31. Qe3 Qf6 32. Bg3 Ng7 33. Qxh6 Nf5 34. Qf4 Bh6 35. Qe4 Nxg3 36. Kxg3 Ne5 37. f4 Nd7 38. h4 Nb6 39. Kf3 Na4 40. g3 Nc3 41. Qe8+ Bf8 42. Nc7 Qf5 43. Qe3 Bg7 44. Ne8 Nxe2 45. Nxg7 Kxg7 46. Qxe2 Qb1 47. Kf2 Qa1 48. Qd3 Qb2+ 49. Kf3 Qa1 50. Kg4 f5+ 51. Kf3 Qh1+ 52. Kf2 Qh2+ 53. Ke1 Qg1+ 54. Ke2 Qg2+ 55. Kd1 Qg1+ 56. Kc2 Qf2+ 57. Kb3 Kh6 58. Ka4 Qb2 59. Qb3 Qa1+ 60. Qa3 Qb1 61. Qb3 Qa1+ 62. Qa3 Qb1 63. Qc3 Kh5 64. Ka5 Kg4 65. Ka6 Qb4 66. Qd3 Qb2 67. Ka7 Kh3 68. h5 gxh5 69. Qxf5+ Kxg3 70. Qg5+ Kf3 71. f5 Qe5 72. Qxh5+ Ke4 73. Qg4+ Kd3 74. Kb6 Qf6 75. Kc6 Kc3 76. Qe4 Qd8 77. Qe6 Kxc4 78. f6 Qa8+ 79. Kxd6 Qb8+ 80. Ke7 Qc7+ 81. Kf8 Kd4 82. d6 Qd8+ 83. Kg7 c4 84. Qe7 Qa8 85. d7 Kd5 1-0

[Event "1st Welsh Masters 2019"]
[Site "Bridgend"]
[Date "2019.08.28"]
[Round "6.5"]
[White "Waddington, Mike P"]
[Black "Varley, Peter"]
[Result "0-1"]
[ECO "A00"]
[WhiteElo "2023"]
[BlackElo "2171"]
[Annotator "NA"]
[PlyCount "82"]
[EventDate "2019.08.26"]
[EventType "tourn"]
[EventCountry "WLS"]
[SourceTitle "playchess.com"]
[Source "ChessBase"]
[SourceQuality "1"]
[TimeControl "5400+30"]

1. Nc3 e5 2. Nf3 Nc6 3. d4 exd4 4. Nxd4 Nf6 5. Bg5 Bb4 6. Nxc6 Bxc3+ 7. bxc3 bxc6 8. Qd4 O-O 9. e3 h6 10. Bh4 d6 11. Bd3 g5 12. Bg3 c5 13. Qa4 Bd7 14. Qa5 Re8 15. O-O-O Ne4 16. f3 Nf6 17. e4 Nh5 18. e5 Nxg3 19. hxg3 Rxe5 20. Be4 c4 21. Qa3 Rb8 22. Rxh6 Reb5 23. Kd2 Rb1 24. Rxb1 Rxb1 25. Qxa7 Rb6 26. Qa3 d5 27. Bh7+ Kg7 28. Rh1 Rh6 29. Re1 Kxh7 30. Re7 Be6 31. Qc5 Qd6 32. Qxc7 Qxc7 33. Rxc7 Rh2 34. a4 Rxg2+ 35. Kc1 Kg6 36. a5 Rxg3 37. a6 Rh3 38. a7 Rh8 39. Kd2 Kf5 40. Ke3 Ke5 41. Rb7 Ra8 0-1